[Event "GER-ch Youth-U16 2022"]
[Site "Willingen"]
[Date "2022.06.07"]
[Round "4.2"]
[White "Farokhi, Keyvan"]
[Black "Mimkes, Antal"]
[Result "1-0"]
[ECO "A04"]
[WhiteElo "2360"]
[BlackElo "1696"]
[Annotator "TA"]
[PlyCount "83"]
[EventDate "2022.06.05"]
[EventType "swiss"]
[EventRounds "9"]
[EventCountry "GER"]
[SourceTitle "playchess.com"]
[Source "ChessBase"]
[SourceQuality "1"]
[TimeControl "40/4500+30:900+30"]

1. Nf3 f5 2. c4 Nf6 3. Nc3 g6 4. g3 d6 5. d4 Bg7 6. Bg2 O-O 7. O-O Qe8 8. d5 e5 9. dxe6 Bxe6 10. Nd4 {[%emt 0:05:01] A87: Dutch Defence: Leningrad System: 5 Nf3.} Bc8 (10... Nc6 $2 11. Nxe6 Qxe6 12. Bd5 Nxd5 13. cxd5 $18) 11. Qb3 c6 12. Rd1 {[%emt 0:01:35] aiming for Bf4. White is slightly better.} Na6 13. Bf4 Nc5 {[%emt 0:08:15] [#]} 14. Qa3 $146 ({Predecessor:} 14. Qc2 Qe7 15. Nxc6 bxc6 16. Bxd6 Qe6 17. Bxc5 Re8 18. Nb5 Qe5 {1-0 (18) Sargissian,G (2667)-Wagener,A (2262) Mainz 2006}) 14... Nce4 15. Bxd6 {[%emt 0:04:07] [#]} (15. e3 $14) 15... Nxd6 (15... Nxf2 $1 $11 16. Kxf2 Ng4+ 17. Ke1 (17. Kg1 {leads to mate.} Qe3+ 18. Kh1 Nf2+ 19. Kg1 Nh3+ 20. Kh1 Qg1+ 21. Rxg1 Nf2#) 17... Qe3 18. Nxc6 Qg1+ 19. Kd2 Qxg2 20. Ne7+ (20. Bxf8 Bxf8 21. Ne7+ Kf7 $11) 20... Kf7) 16. Qxd6 $14 {[%emt 0:00:09][%cal Rd4c6] Threatens to win with Nxc6!} Ne4 17. Nxe4 fxe4 {[%emt 0:01:26] [#]} 18. Qa3 (18. e3 $1 $16) 18... Qf7 $11 {[%emt 0:03:54][%csl LRc4,LRf2] ...Bxd4 is the strong threat.} 19. Qe3 {[%emt 0:01:04] Active counter play!} Bf5 ({Weaker is} 19... c5 20. Nb5 $16) (19... Bg4 $11 {keeps the balance.}) 20. Rac1 ({Not} 20. Bxe4 $2 Bxe4 21. Qxe4 Qxf2+ 22. Kh1 Rae8 $19) 20... h5 (20... Bg4 $14) 21. b3 (21. Nxf5 $16 gxf5 22. Qg5) 21... Kh7 ({Better is} 21... Bg4 $14) 22. Nxf5 $16 gxf5 23. Qd2 ({White should play} 23. Rd6) 23... Rad8 $2 {[%emt 0:04:56] A mistake that costs the game.} (23... h4 $16 {was worth a try.}) 24. Qxd8 $18 Rxd8 25. Rxd8 e3 (25... Bf6 $142) 26. Rcd1 exf2+ 27. Kxf2 Qe7 (27... Qf6 $142 28. R1d7 h4) 28. R8d7 Qc5+ 29. Kf1 h4 (29... Qe5 $142 30. Rxb7 Kg6) 30. Rxb7 hxg3 31. hxg3 {[%emt 0:00:12] Strongly threatening Rdd7.} Kg6 32. Rc7 Qe5 33. Rxc6+ Kg5 34. Rdd6 {[%emt 0:04:25] Intending Rg6+ and mate.} Qa1+ 35. Kf2 {[%emt 0:00:09] Threatening mate with Rg6+.} f4 36. Rg6+ Kf5 37. g4+ Ke5 38. Rce6+ (38. Rcd6 $142 Qd4+ 39. Rxd4 Kxd4 40. Rxg7 a5 41. Rd7+ Kc5 42. g5 Kb4 43. g6) 38... Kd4 39. Rxg7 Qc1 40. Re4+ Kc5 41. Rf7 Qd2 42. Rfxf4 {[%emt 0:00:20] Weighted Error Value: White=0.27 (precise) /Black=1.01} (42. a3 $142 f3 43. b4+ Kd6 44. Bxf3 Qb2 45. c5+ Kd5 46. Re3+ Kc4 47. Rf4+ Qd4 48. Rxd4+ Kxd4 49. c6) 1-0

[Event "GER-ch Youth-U16 2022"]
[Site "Willingen"]
[Date "2022.06.07"]
[Round "4.3"]
[White "Laux, Dominik"]
[Black "Sidletskyi, Ivan"]
[Result "1-0"]
[ECO "B24"]
[WhiteElo "2263"]
[BlackElo "2084"]
[Annotator "TA"]
[PlyCount "125"]
[EventDate "2022.06.05"]
[EventType "swiss"]
[EventRounds "9"]
[EventCountry "GER"]
[SourceTitle "playchess.com"]
[Source "ChessBase"]
[SourceQuality "1"]
[TimeControl "40/4500+30:900+30"]

1. e4 c5 2. Nc3 Nc6 3. Bb5 e5 4. Nge2 {[%emt 0:00:00] [#]} g6 $146 ({Predecessor:} 4... Bd6 5. a3 Nge7 6. Bc4 a6 7. O-O b5 8. Ba2 O-O 9. d3 Nd4 10. f4 Nxe2+ 11. Qxe2 exf4 {1-0 (39) Asis Gargatagli,H (2529)-Fluvia Poyatos,J (2493) Barcelona 2018}) 5. O-O a6 6. Bxc6 {[%emt 0:00:09] B23: Closed Sicilian: Lines without g3.} dxc6 7. d3 Bg7 8. f4 {[%emt 0:04:47] White is slightly better.} Ne7 9. Qe1 exf4 10. Bxf4 O-O 11. Qh4 {[%emt 0:04:16] Inhibits Bg4.} b6 12. Bg5 {[%emt 0:05:40] Inhibits f6. White is more active.} Ra7 13. Rf3 Be6 (13... f6 $142) 14. Raf1 $16 Qd7 15. h3 Nc8 16. Bf6 Nd6 17. Bxg7 Kxg7 18. Qf6+ Kg8 19. Nf4 (19. e5 $16 Ne8 20. Qg5) 19... Ne8 $14 20. Qe5 Ng7 21. Nce2 Qe7 22. g4 Bc8 (22... Bxa2 $2 23. Qxe7 Rxe7 24. b3 $18) 23. Qc3 Qg5 24. Kh2 (24. Ng2 {seems wilder.} Ne6 25. Ne3 b5 26. Qf6) 24... Re7 25. b3 Qe5 26. Qxe5 Rxe5 27. Nc3 b5 28. Kg3 f5 29. gxf5 (29. exf5 $14 gxf5 30. g5) 29... gxf5 $11 30. Ng2 Rfe8 31. exf5 Nxf5+ 32. Kh2 Nd4 33. Rg3+ Kh8 34. Rf2 Rf5 $36 {[%emt 0:02:47][%mdl 2048] Black has some pressure.} 35. Rxf5 (35. Nf4 {feels hotter.} c4 36. bxc4 bxc4 37. Rg4) 35... Bxf5 36. Ne3 Bg6 37. Kg2 b4 38. Ne4 ({Better is} 38. Na4 $15) 38... Bxe4+ $17 39. dxe4 Rxe4 {[%emt 0:00:11][%cal Od4c2][%mdl 4096] Endgame KRN-KRN} 40. Kf2 Re5 {[%emt 0:03:01] Prevents Rg5.} 41. Rg4 Nb5 (41... h6 $17 42. Rg6 h5) 42. Nc4 Rf5+ 43. Kg2 (43. Kg3 $11) 43... Nd4 (43... h5 $15 44. Re4 Rg5+ 45. Kf2 Kg7) 44. Re4 (44. Nd6 $11 Rf8 45. Rg5) 44... Nxc2 45. Re8+ Kg7 46. Ra8 Rg5+ 47. Kf2 Rf5+ (47... Nd4 $17) 48. Kg3 (48. Kg2 $1 $11) 48... Nd4 49. Rxa6 Rf1 ({Black should play} 49... Kg6 $17 50. Nd2 h6) 50. Na5 (50. Ra5 $15 {was preferrable.}) 50... Ra1 (50... Kg6 $17) 51. Nxc6 $11 Nxb3 (51... Nxc6 $11 52. Rxc6 Rxa2) 52. Ra7+ $14 Kf6 {[%emt 0:01:41] And now ...Nc1 would win.} 53. axb3 {[%emt 0:00:10] KRN-KR} Ra3 54. Rxh7 Rxb3+ 55. Kg4 Rb1 56. Rb7 (56. Na5 $1 $14) 56... b3 $11 57. Rb6 {[%emt 0:03:54] Strongly threatening Na5+.} b2 {[%emt 0:01:26] Hoping for ...Rg1+.} 58. Nd4+ Ke5 $2 (58... Kf7 $11 {and Black has nothing to worry.} 59. Ne2 c4) 59. Nf3+ $18 Kd5 {[%emt 0:00:25] [#]} 60. Nd2 Rg1+ 61. Kf4 (61. Kh4 $6 c4 62. Rxb2 (62. Rb5+ Ke6 $11) 62... Rd1 $18) 61... Rh1 {[%emt 0:00:22] [#]} 62. Kg4 $2 (62. Kg3 $1 $18) 62... c4 $2 (62... Rg1+ $11 {and Black is okay.} 63. Kf3 (63. Kh4 c4 $18) 63... c4 64. Rxb2 (64. Rb5+ Ke6 $11) 64... c3) 63. Rxb2 {Weighted Error Value: White=0.21 (precise) /Black=0.40} ({Stronger than} 63. Rb5+ Ke6 64. Rb6+ (64. Nxc4 b1=Q $11) (64. Rxb2 c3 $11) 64... Kf7 65. Rb7+ (65. Nxc4 b1=Q $11) (65. Rxb2 c3 $11) 65... Kg6 66. Rb6+ (66. Nxc4 b1=Q $11) (66. Rxb2 Rg1+ 67. Kf3 c3 $11) 66... Kf7 67. Rxb2 (67. Rb7+ Kg6 $11) 67... c3 $11) 1-0

[Event "GER-ch Youth-U16 2022"]
[Site "Willingen"]
[Date "2022.06.07"]
[Round "4.5"]
[White "Albert, Markus"]
[Black "Trushko, Andrii"]
[Result "0-1"]
[ECO "B10"]
[WhiteElo "2053"]
[BlackElo "1897"]
[Annotator "TA"]
[PlyCount "88"]
[EventDate "2022.06.05"]
[EventType "swiss"]
[EventRounds "9"]
[EventCountry "GER"]
[SourceTitle "playchess.com"]
[Source "ChessBase"]
[SourceQuality "1"]
[TimeControl "40/4500+30:900+30"]

1. e4 c6 2. Nf3 d5 3. d3 d4 4. g3 c5 5. Bg2 Nc6 {[%emt 0:00:00] [#]} 6. e5 $146 {[%emt 0:00:00] B10: Caro-Kann: 2 d3 and 2 c4.} ({Predecessor:} 6. O-O e5 7. a4 Bd6 8. h3 f6 9. Na3 Be6 10. Ne1 Nge7 11. f4 Qd7 12. f5 {0-1 (41) Gregoric,A (1948)-Trushko,A (2222) Rhodes 2022}) 6... Bg4 7. h3 Bxf3 ({Not} 7... Qa5+ 8. Nbd2 Bh5 9. g4 $16) 8. Qxf3 {[%emt 0:00:00] White is slightly better.} e6 9. O-O Nge7 10. Nd2 Nd5 11. Qe2 Be7 12. Nc4 Qd7 13. a4 Rd8 14. f4 O-O 15. g4 f6 16. Bd2 (16. exf6 $1 $16 Rxf6 17. g5) 16... fxe5 $11 17. fxe5 Rxf1+ (17... Ncb4 {is more complex.} 18. c3 Nc2 19. Rac1 Nde3) 18. Rxf1 Rf8 19. Rxf8+ Bxf8 20. Be4 Qd8 21. Qf3 g6 22. Bf4 Ncb4 23. Qf2 Qd7 (23... Nxf4 {feels hotter.} 24. Qxf4 Nxc2 25. Nd6 Qe7) 24. b3 Nxf4 25. Qxf4 Nxc2 26. h4 b6 27. h5 Qf7 28. Qd2 {[%emt 0:01:12] White is now going downhill.} Ne3 $1 29. Nxe3 Bh6 {[%emt 0:00:07][%mdl 64] Pin} 30. hxg6 hxg6 31. Qe1 {[%emt 0:01:13] Black must now prevent Nc4.} dxe3 $17 {[%emt 0:01:32][%mdl 4096] Endgame KQB-KQB} 32. Kg2 Bf4 33. Qh4 (33. Qf1 $17) 33... Bxe5 $19 34. Bf3 Kg7 35. Qg5 $2 {[%emt 0:03:47] [#]} (35. Be4) 35... Bf4 $1 36. Qd8 {[%emt 0:02:17] [#]} Qf6 $1 37. Qxf6+ Kxf6 {[%emt 0:00:05] KB-KB} 38. Bc6 $2 (38. Bd1 Ke5 39. Kf1) 38... Ke5 {[%emt 0:00:06] Black is clearly winning.} 39. Kf3 {[%emt 0:00:25] [#]} Kd4 $1 40. Bb5 {[%emt 0:13:18] [#]} (40. Ke2 Kc3) 40... Kc3 $1 41. d4 {[%emt 0:18:02] [#]} (41. a5 Kd2) 41... cxd4 $1 {[%emt 0:15:24][%cal Od4d3] ( -> ...d3!)} 42. Kxf4 (42. Ke2 g5) 42... Kd2 {[%emt 0:00:46] Strongly threatening ...d3.} 43. Ke4 {[%emt 0:00:11] Against d3} e5 44. g5 e2 {[%emt 0:00:15] Weighted Error Value: White=0.68/Black=0.03 (flawless)} 0-1

[Event "GER-ch Youth-U16 2022"]
[Site "Willingen"]
[Date "2022.06.07"]
[Round "4.6"]
[White "Foerster-Yialamas, Lucas"]
[Black "Chassard, Cedric"]
[Result "1/2-1/2"]
[ECO "C77"]
[WhiteElo "2117"]
[BlackElo "2051"]
[Annotator "TA"]
[PlyCount "74"]
[EventDate "2022.06.05"]
[EventType "swiss"]
[EventRounds "9"]
[EventCountry "GER"]
[SourceTitle "playchess.com"]
[Source "ChessBase"]
[SourceQuality "1"]
[TimeControl "40/4500+30:900+30"]

1. e4 e5 2. Nf3 Nc6 3. Bb5 a6 4. Ba4 Nf6 5. d4 exd4 6. O-O Be7 7. Re1 b5 8. e5 Nxe5 9. Nxe5 bxa4 10. Qxd4 O-O 11. Qxa4 Bd6 {[%emt 0:10:51] [#] C84: Closed Ruy Lopez: Unusual White 6th moves.} 12. Qb3 $146 ({Predecessor:} 12. Nd3 Re8 13. Rxe8+ Qxe8 14. Nc3 Bb7 15. Bg5 Nd5 16. Re1 Qc8 17. Ne4 Bc6 18. Qd4 Bf8 19. a3 {1-0 (62) Grischenko,K (1991)-Meylani,I (1309) Antalya 2019}) 12... Bxe5 13. Rxe5 d6 14. Re1 Re8 15. Be3 Ng4 {[%emt 0:03:43] aiming for ...Qh4.} 16. Nd2 Be6 17. Qd3 Qf6 18. Bd4 Qf4 19. g3 Qf5 20. f3 {[%emt 0:05:58] Threatens to win with Qxf5.} Qxd3 21. cxd3 Nh6 22. g4 f6 23. h3 (23. Rac1 $5 ) 23... Nf7 24. Re3 Bd5 25. Ne4 Ne5 26. b3 Kf7 27. Rc1 Re7 28. Kf2 (28. Bxe5 $5 dxe5 29. Re2 $11) 28... Ke8 29. f4 {[%emt 0:01:48] [#]} (29. Bxe5 $11 fxe5 30. Rce1) 29... Nxd3+ $1 $17 30. Rxd3 {[%emt 0:00:07] Strongly threatening Nc3.} Bxe4 31. Re3 Kd7 32. Rec3 c5 33. Be3 a5 (33... f5 $17 34. Rd1 Ke6 35. gxf5+ Bxf5) 34. Rd1 $1 $11 {[%emt 0:02:25] The position is equal.} Kc6 35. Rxd6+ $1 {[%emt 0:02:13][%mdl 64] [#] Remove Defender, Decoy} Kxd6 36. Bxc5+ Kd7 37. Bxe7 Bb1 $1 {[%emt 0:01:55] Weighted Error Value: White=0.13 (very precise) /Black=0.14 (very precise)} ({Don't play} 37... Kxe7 38. Re3 $16) 1/2-1/2

[Event "GER-ch Youth-U16 2022"]
[Site "Willingen"]
[Date "2022.06.07"]
[Round "4.7"]
[White "Jaskulski, Jan"]
[Black "Lerchl, Clemens"]
[Result "1-0"]
[ECO "B76"]
[WhiteElo "1727"]
[BlackElo "1843"]
[Annotator "NA RC COMBH"]
[PlyCount "63"]
[EventDate "2022.06.05"]
[EventType "swiss"]
[EventRounds "9"]
[EventCountry "GER"]
[SourceTitle "playchess.com"]
[Source "ChessBase"]
[SourceQuality "1"]
[TimeControl "40/4500+30:900+30"]

1. e4 c5 2. Nf3 d6 3. d4 cxd4 4. Nxd4 Nf6 5. Nc3 g6 6. Be3 Bg7 7. f3 O-O 8. Qd2 Nc6 9. O-O-O d5 10. exd5 Nxd5 11. Nxc6 bxc6 12. Bd4 e5 13. Bc5 Be6 {[%emt 0:00:00] 13...Re8 might become the main line.} 14. Ne4 Re8 15. h4 Qc7 16. h5 Red8 17. hxg6 hxg6 18. Qg5 Nf4 19. Rxd8+ Qxd8 20. Be7 {[%emt 0:00:08] [#]} Qa5 $146 ({Predecessor:} 20... Qd4 21. Nf6+ Bxf6 22. Qxf6 Qe3+ 23. Kd1 Qd4+ 24. Bd3 Nh5 25. Rxh5 Qg1+ 26. Kd2 Qf2+ {0-1 (60) Franco,V-Sarki,J Dos Hermanas 2003}) 21. Qh4 f5 22. Ng5 Bh6 23. b3 Qxa2 (23... Nh5 $18) 24. Qxh6 Qa1+ 25. Kd2 Qa5+ 26. c3 Qa2+ 27. Ke1 Nxg2+ 28. Bxg2 Qb1+ 29. Kf2 Qc2+ 30. Kg3 f4+ 31. Kh2 Qf2 32. Qh7# 1-0

[Event "GER-ch Youth-U16 2022"]
[Site "Willingen"]
[Date "2022.06.07"]
[Round "4.8"]
[White "Metzdorf, Matteo"]
[Black "Hommer, Jeremy"]
[Result "1/2-1/2"]
[ECO "B10"]
[WhiteElo "2009"]
[BlackElo "2152"]
[Annotator "TA"]
[PlyCount "45"]
[EventDate "2022.06.05"]
[EventType "swiss"]
[EventRounds "9"]
[EventCountry "GER"]
[SourceTitle "playchess.com"]
[Source "ChessBase"]
[SourceQuality "1"]
[TimeControl "40/4500+30:900+30"]

1. e4 c6 2. Nc3 d5 3. Nf3 dxe4 4. Nxe4 Nf6 5. Qe2 Nxe4 6. Qxe4 Qd5 {[%emt 0:00:00] B11: Caro-Kann: Two Knights Variation.} 7. Qh4 Qf5 8. c3 Qg4 {[%emt 0:00:00] White has an edge.} 9. d4 Qxh4 10. Nxh4 {[%emt 0:00:08] [#]} g6 $146 ({Predecessor:} 10... Nd7 11. Bd3 e5 12. Be3 g6 13. dxe5 Nxe5 14. Be2 Be7 15. Nf3 Nxf3+ 16. Bxf3 O-O {½-½ (69) Maltsevskaya,A (2406)-Mkrtchyan,M (2300) Chess.com INT 2022}) 11. Bc4 Nd7 12. Nf3 Nb6 13. Bb3 f6 14. O-O e6 15. Re1 Kf7 16. Nd2 Bd7 (16... Nd5 $11 {remains equal.}) 17. Ne4 $16 Nd5 18. c4 Nb4 19. a3 {[%emt 0:02:18] White is more active.} ({White should play} 19. Bd2 $16) 19... Nd3 $11 {[%emt 0:00:41] The position is equal.} 20. Rd1 Nxc1 21. Raxc1 Be7 22. d5 f5 23. d6 {[%emt 0:01:03] Weighted Error Value: White=0.11 (very precise) /Black=0.10 (very precise)} 1/2-1/2

[Event "GER-ch Youth-U16 2022"]
[Site "Willingen"]
[Date "2022.06.07"]
[Round "4.9"]
[White "Stork, Christopher"]
[Black "Bui, Bao Anh Le"]
[Result "1/2-1/2"]
[ECO "B90"]
[WhiteElo "1994"]
[BlackElo "2127"]
[Annotator "TA"]
[PlyCount "54"]
[EventDate "2022.06.05"]
[EventType "swiss"]
[EventRounds "9"]
[EventCountry "GER"]
[SourceTitle "playchess.com"]
[Source "ChessBase"]
[SourceQuality "1"]
[TimeControl "40/4500+30:900+30"]

1. e4 c5 2. Nf3 d6 3. d4 cxd4 4. Nxd4 Nf6 5. Nc3 a6 6. Qd3 {[%emt 0:00:00] B90: Sicilian Najdorf: Unusual White 6th moves, 6 Be3 Ng4 and 6 Be3 e5.} g6 7. Bg5 Bg7 8. O-O-O {[%emt 0:00:00] The position is equal.} Nbd7 9. f4 Qc7 {[%emt 0:10:47] [#]} 10. h3 $146 (10. Qc4 $14 Qxc4 11. Bxc4) ({Predecessor:} 10. Be2 h6 11. Bxf6 Nxf6 12. f5 g5 13. h4 g4 14. Nd5 Nxd5 15. exd5 h5 16. Rhf1 {½-½ (63) Vaishali,R (2405)-Aronian,L (2782) Kolkata 2021}) 10... b5 $11 11. g4 Bb7 {[%emt 0:09:53] Threatens to win with ...b4.} 12. Bg2 Rc8 {[%emt 0:00:40] And now ...b4 would win.} 13. Rd2 Qc4 {[%emt 0:03:14] Inhibits Nd5.} 14. Nb3 (14. Qxc4 $11 Rxc4 15. Re1) 14... Qxd3 $17 15. Rxd3 {[%emt 0:00:20] [#]} Nc5 ({Better is} 15... h5 $1 $17 16. Bxf6 Bxf6) 16. Nxc5 $11 Rxc5 17. Re1 {[%emt 0:05:14][%cal Oe4e5] e5! is the strong threat.} O-O (17... Nd7 $1 $15) 18. Rd2 b4 19. Nd5 Bxd5 20. exd5 Rc7 21. Bxf6 Bxf6 22. Re4 Rb8 23. Kb1 h6 24. Bf1 a5 25. Rc4 Rxc4 26. Bxc4 a4 27. Re2 Kg7 {[%emt 0:01:46] Weighted Error Value: White=0.21 (precise) /Black=0.12 (very precise)} 1/2-1/2

[Event "GER-ch Youth-U16 2022"]
[Site "Willingen"]
[Date "2022.06.07"]
[Round "4.10"]
[White "Gluma, Christian"]
[Black "Rempe, Jonas"]
[Result "0-1"]
[ECO "C55"]
[WhiteElo "2012"]
[BlackElo "1856"]
[Annotator "TA"]
[PlyCount "94"]
[EventDate "2022.06.05"]
[EventType "swiss"]
[EventRounds "9"]
[EventCountry "GER"]
[SourceTitle "playchess.com"]
[Source "ChessBase"]
[SourceQuality "1"]
[TimeControl "40/4500+30:900+30"]

1. e4 e5 2. Nf3 Nc6 3. Bc4 Nf6 4. d3 Be7 5. O-O O-O 6. Re1 d6 7. a4 Na5 {[%emt 0:00:00] 7...h6 is the modern continuation.} 8. Ba2 {[%emt 0:00:00] C55: Two Knights: 4 d3, 4 d4 exd4 5 e5 and Max Lange Attack.} c5 9. c3 Nc6 10. h3 {[%emt 0:00:00] White has an edge.} Be6 {[%emt 0:04:42] was the old line (10...h6).} 11. Bxe6 fxe6 12. Na3 {[%emt 0:02:31] [#]} Qd7 $146 (12... Nh5 13. Nc4 Nf4 14. Be3 Rc8 15. b3 b6 16. d4 exd4 17. cxd4 d5 18. exd5 exd5) ({Predecessor:} 12... Nh5 13. Nc4 Nf4 14. Be3 Rc8 15. b3 b6 16. d4 exd4 17. cxd4 d5 18. exd5 exd5 {½-½ (77) Mikadze,M (2266)-Khomeriki,N (2347) Tbilisi 2019}) 13. Nc4 Rae8 14. Bd2 Bd8 15. b4 cxb4 16. cxb4 Bc7 17. b5 (17. Bc3) 17... Nd4 18. Bb4 $2 (18. Nxd4 exd4 19. Bb4) (18. Nxd4 $14 {keeps the upper hand.} exd4 19. Bb4) 18... Nxf3+ $19 19. Qxf3 {[%emt 0:05:39] [#]} Nd5 {[%mdl 512] Against Qe3} 20. Nxe5 Qe7 21. exd5 $11 Rxf3 22. Nxf3 Qd7 23. Rac1 {[%emt 0:02:23][%cal Ba1c1,Bc1c5,Bc5d5,Bd5d8][%mdl 32] Threatens to win with Rxe6.} Bb6 24. a5 (24. Re4 $11 {remains equal.}) 24... Bc5 (24... Bd8 $17 25. a6 bxa6 26. bxa6 Bb6) 25. Bxc5 dxc5 26. Rxc5 exd5 27. Rxe8+ Qxe8 28. Rxd5 {[%emt 0:00:20][%mdl 4096] Endgame KQ-KRN} h6 $1 29. d4 Qe6 (29... Qe4 $15 30. Rc5 Qb1+ 31. Kh2 Qb4) 30. Rd8+ Kh7 $1 {[%emt 0:03:28] With the idea ...Qa2.} 31. h4 {[%emt 0:06:32] White is now going downhill.} (31. d5 $11 Qe7 32. Ra8) 31... Qa2 $17 32. Rd7 (32. h5) 32... Qb1+ 33. Kh2 Qxb5 34. Ne5 h5 (34... Qxa5 35. Rxb7 Qd8 36. Rxa7 Qxd4) 35. a6 $2 (35. Rf7 $17) 35... bxa6 36. Re7 ({Much worse is} 36. Rxa7 Qb6 37. Ra8 (37. Rd7 $2 a5 $19) 37... Qxd4 $19) 36... Qb4 37. Rd7 (37. Re6 {might work better.} Qxd4 38. Nf3) 37... a5 $19 {[%emt 0:00:54] Hoping for ...a4.} 38. Nf3 (38. Rxa7 $142 Qxd4 39. Rxa5 Qxh4+ 40. Kg1) 38... a4 {[%emt 0:00:32] Strongly threatening ...a3.} 39. g3 Qb2 40. Ng5+ Kg6 41. Kg2 a3 (41... Qb6 $142 42. Re7 a3) 42. Rd6+ (42. Rxa7 $142 a2 43. Ra6+ Kf5 44. Ra5+ Kf6 45. Ne4+ Ke7 46. Ra7+ Kd8 47. Kf3) 42... Kf5 43. Rd5+ {[%emt 0:00:00] [#] Black is clearly winning.} Kf6 $1 44. Ne4+ Kf7 45. Rd7+ Ke8 46. Rxa7 a2 47. Nd6+ Kd8 {[%emt 0:00:00] Weighted Error Value: White=0.59/Black=0.27 (precise)} 0-1

[Event "GER-ch Youth-U16 2022"]
[Site "Willingen"]
[Date "2022.06.07"]
[Round "4.11"]
[White "Tovmasyan, Minas"]
[Black "Bungarten, Jona"]
[Result "0-1"]
[ECO "D43"]
[WhiteElo "1933"]
[BlackElo "1843"]
[Annotator "TA"]
[PlyCount "88"]
[EventDate "2022.06.05"]
[EventType "swiss"]
[EventRounds "9"]
[EventCountry "GER"]
[SourceTitle "playchess.com"]
[Source "ChessBase"]
[SourceQuality "1"]
[TimeControl "40/4500+30:900+30"]

1. d4 d5 2. c4 e6 3. Nf3 Nf6 4. Nc3 c6 5. Qd3 Bb4 6. g3 Ne4 7. Bg2 O-O 8. O-O Bxc3 9. bxc3 Nd7 {[%emt 0:00:29] [#]} 10. Nd2 $146 {[%emt 0:11:39] E20: Nimzo-Indian: 4 g3 and 4 f3.} ({Predecessor:} 10. cxd5 exd5 11. c4 Ndf6 12. cxd5 cxd5 13. Nh4 h6 14. f3 Nd6 15. e4 dxe4 16. fxe4 Bd7 17. a4 Nh7 {1-0 (43) Marinsek,D (1855)-Cokan,M (1726) Nova Gorica 2019}) 10... f5 11. f3 Nxd2 12. Bxd2 {[%emt 0:01:11] The position is equal.} b6 13. cxd5 cxd5 14. e4 Bb7 (14... dxe4 $1 $11 {keeps the balance.} 15. fxe4 Nc5) 15. Rfe1 $2 (15. exf5 $16 {stays on course.} exf5 16. Rab1) 15... dxe4 $1 $17 16. fxe4 {[%emt 0:00:27] [#]} Nc5 $1 17. Qc4 {[%emt 0:09:32] [#]} (17. Qe2 Nxe4) 17... Ba6 $1 18. Qb4 Nxe4 19. Bxe4 (19. Qa4 $17 Bb7 20. Qb4) 19... fxe4 $19 20. Bf4 Bb7 (20... Qd5 21. Qd6 Bd3) (20... Qd5 $19 {[%cal Of8f4] aiming for ...Rxf4!} 21. Qd6 Rac8) 21. Qd6 Qf6 22. Qe5 Qg6 23. Qg5 Qf5 (23... Qe8 $142 {Threatens to win with ...Rf5.} 24. Qg4 (24. Be5 Qd7 $17) 24... Rc8) 24. Rab1 (24. c4 $142) 24... Rac8 25. Re3 Rf6 26. Rb5 (26. Qxf5 $17 exf5 27. a4) 26... Qxg5 27. Bxg5 Rf5 28. a4 (28. Re5 {keeps fighting.}) 28... Rc4 29. Rxf5 exf5 {[%emt 0:00:07][%mdl 4096] Endgame KRB-KRB} 30. a5 bxa5 31. Bd8 a4 32. Be7 Kf7 33. Bb4 Ke6 34. Re1 Bc6 35. Kf2 Kd5 36. Rc1 Bb5 {[%emt 0:00:53] Strongly threatening ...Rxb4.} 37. Bc5 $2 (37. Ke3) 37... Rxc5 {[%emt 0:01:17] Black is clearly winning.} 38. dxc5 Kxc5 {[%emt 0:00:25] KR-KB} 39. Rb1 a5 40. Ke3 Kc4 {[%emt 0:01:06] And now ...a3 would win.} 41. h4 a3 {[%emt 0:00:00][%cal Ba4a3,Ba3a2][%mdl 32] White must now prevent ...a2.} 42. h5 a2 43. Ra1 Kb3 44. Rd1 Kxc3 {[%emt 0:00:00] Weighted Error Value: White=0.78/Black=0.11 (very precise)} 0-1

[Event "GER-ch Youth-U16 2022"]
[Site "Willingen"]
[Date "2022.06.07"]
[Round "4.12"]
[White "Heinrich, John"]
[Black "Weidenhoefer, Max"]
[Result "1-0"]
[ECO "B01"]
[WhiteElo "2011"]
[BlackElo "1945"]
[Annotator "TA"]
[PlyCount "59"]
[EventDate "2022.06.05"]
[EventType "swiss"]
[EventRounds "9"]
[EventCountry "GER"]
[SourceTitle "playchess.com"]
[Source "ChessBase"]
[SourceQuality "1"]
[TimeControl "40/4500+30:900+30"]

1. e4 d5 2. exd5 Qxd5 3. Nc3 Qd6 4. d4 Nf6 5. Nf3 c6 6. Ne5 Be6 {[%emt 0:00:00] B01: Scandinavian Defence.} 7. Bf4 {[%emt 0:00:00][%cal Oe5g6] aiming for Ng6!} Qd8 8. Qd2 g6 {[%emt 0:00:00] White is slightly better.} 9. Be2 Nbd7 10. Bf3 {[%emt 0:10:13] [#]} Qa5 $146 ({Predecessor:} 10... Nxe5 11. Bxe5 Bg7 12. O-O-O h5 13. Kb1 Bd5 14. Nxd5 cxd5 15. h3 h4 16. c4 e6 17. cxd5 exd5 {1-0 (40) Plotkin,M (2186)-Hua,E (1812) Aurora 2014}) 11. O-O Rd8 $2 {[%emt 0:04:01][%mdl 8192] [#]} (11... Nxe5 $14 12. Bxe5 (12. dxe5 Nd7 $11) 12... Bg7) 12. Nd5 $1 $18 Qxd5 13. Bxd5 Nxd5 14. Nxd7 Rxd7 15. Bh6 Bxh6 16. Qxh6 Nf6 17. Qf4 {[%emt 0:00:35] Qb8+ is the strong threat.} O-O 18. c3 Rfd8 19. Rfe1 Kg7 20. Re5 Bf5 21. Rae1 e6 22. Qd2 c5 23. f3 ({Weaker is} 23. Rxc5 Ne4 24. Rxe4 Bxe4 $18) 23... cxd4 24. g4 dxc3 25. Qxc3 Bd3 (25... Rd3 $142) 26. g5 Nh5 27. Rxe6+ Rd4 {[%emt 0:00:17] [#]} 28. R6e4 $1 Bxe4 29. Rxe4 Nf4 30. Rxf4 {[%emt 0:00:05] Black got outplayed after the opening.  Weighted Error Value: White=0.10 (very precise) /Black=0.94} 1-0